 Dungeon Crawl Stone Soup version 0.28-a0-863-g8cecda6153 (webtiles) character file.

Game seed: 9427463377107496436

64 siradein the Skirmisher (level 3, -1/26 (29) HPs)
             Began as a Demonspawn Fighter on Nov 18, 2021.
             Slain by a wight (6 damage)
             ... on level 4 of the Dungeon.
             The game lasted 00:04:39 (2942 turns).

siradein the Skirmisher (Demonspawn Fighter)        Turns: 2942, Time: 00:04:40

HP:   -1/26 (29)    AC:  9    Str: 16    XL:     3   Next: 91%
MP:   3/3           EV:  7    Int:  9    God:
Gold: 180           SH:  8    Dex: 13    Spells: 2/2 levels left

rFire   . . .      SeeInvis .   b - +2 short sword (vamp)
rCold   . . .      Faith    .   r - +0 kite shield
rNeg    . . .      Spirit   .   m - +3 scale mail
rPois   .          Reflect  .   (helmet restricted)
rElec   .          Harm     .   (no cloak)
rCorr   .          Rampage  .   (no gloves)
Will    .....                   (no boots)
Stlth   ..........              (no amulet)
HPRegen 0.08/turn               (no ring)
MPRegen 0.08/turn               (no ring)

@: heavily drained
A: antennae 1, powered by death 1
a: no special abilities


You were on level 4 of the Dungeon.
You visited 1 branch of the dungeon, and saw 4 of its levels.

You collected 180 gold pieces.

Inventory:

Hand Weapons
 a - a +0 long sword
 b - a +2 vampiric short sword (weapon)
Missiles
 f - 37 stones (quivered)
 n - 5 boomerangs
Armour
 m - a +3 scale mail (worn)
 r - a +0 kite shield (worn)
Scrolls
 e - 3 scrolls of blinking {unknown}
 g - 4 scrolls of identify {unknown}
 i - a scroll of brand weapon {unknown}
 k - 2 scrolls of vulnerability {unknown}
 l - 2 scrolls of teleportation {unknown}
 o - a scroll of summoning {unknown}
 q - a scroll of magic mapping {unknown}
Potions
 d - a potion of might
 h - 4 potions of curing {unknown}
 j - a potion of attraction {unknown}
 p - a potion of flight {unknown}


   Skills:
 + Level 3.5 Fighting
 + Level 2.4 Long Blades
 + Level 3.2 Armour
 + Level 3.2 Shields


You had 2 spell levels left.
You didn't know any spells.
Your spell library contained the following spells:

 Spells                   Type           Power      Damage    Failure   Level
 Dazzling Flash           Conj/Hex       0%         N/A       100%        3
 Ozocubu's Armour         Ice            0%         N/A       100%        3
 Summon Guardian Golem    Hex/Summ       0%         N/A       100%        3
 Summon Ice Beast         Ice/Summ       0%         N/A       100%        4
 Silence                  Hex/Air        0%         N/A       100%        5


Dungeon Overview and Level Annotations

Branches:
Dungeon (4/15)
 Temple: D:4-7

Altars:
Cheibriados
Elyvilon
Nemelex Xobeh
Vehumet


Innate Abilities, Weirdness & Mutations

You have a pair of small antennae on your head.
You regenerate a little health from kills.


Message History

There is an open door here.
As you open the door, it creaks loudly!
An endoplasm and a wight come into view.
The endoplasm quivers.
You hear a shout!
A wight comes into view. It is wielding a +2 dagger of freezing.
There are monsters nearby!
There are monsters nearby!
There are monsters nearby!
There are monsters nearby!
You hit the endoplasm.
The endoplasm is moderately wounded.
The endoplasm hits you but does no damage.
You hit the endoplasm.
You kill the endoplasm!
You hit the wight but do no damage. The wight hits you with a +3 hand axe.
You puncture the wight!
The wight is heavily damaged.
The wight hits you with a +3 hand axe!
You feel drained. You block the wight's attack.
You are too injured to fight recklessly!
You are too injured to fight recklessly!
You are too injured to fight recklessly!
You are too injured to fight recklessly!
You closely miss the wight.
The wight is heavily damaged.
The wight hits you with a +3 hand axe.
You feel drained.
* * * LOW HITPOINT WARNING * * *
You hit the wight but do no damage.
The wight is heavily damaged.
You block the wight's attack.
You closely miss the wight.
The wight is heavily damaged.
The wight barely misses you. The wight hits you with a +3 hand axe.
* * * LOW HITPOINT WARNING * * *
You feel drained.
There is an open door here.
There is an open door here.
The wight hits you with a +3 hand axe.
You die...

#..............................#
#.............######...........##
#.............#....#.............
#.............#....#.............
#.............#....#.............
#.......#######....+.............
#.......#....z.....#.....######..
#.......#....##z...#.....#....#..
#.......+....##.@..#.....#....#[.
#.......####z##....'.....#....#..
#.............#....#.....###'####
#........z....#....#.....#....##.
#.............'....#.....'.......
.#######......#....#.....#.......
.# #......#....#.....#....... ##
########....#.............
#.....##†...####.......##.


You could see 2 wights.

Vanquished Creatures
  An adder (D:2)
  A worm (D:3)
  3 dart slugs
  5 endoplasms
  A giant cockroach (D:2)
  3 hobgoblins
  6 quokkas
  3 ball pythons
  3 bats
  3 frilled lizards
  4 goblins
  4 kobolds
  9 rats
46 creatures vanquished.

Notes
Turn   | Place    | Note
-------+----------+-------------------------------------------
     0 | D:1      | siradein the Demonspawn Fighter began the quest for the
                  | Orb.
     0 | D:1      | Reached XP level 1. HP: 18/18 MP: 1/1
   322 | D:1      | Gained mutation: You have a pair of small antennae on your
                  | head. [demonic ancestry]
   322 | D:1      | Reached XP level 2. HP: 18/24 MP: 2/2
   424 | D:1      | Found a faded altar of an unknown god.
   826 | D:1      | Got the Handbook of Beguiling and the Frostbite
  1190 | D:2      | Gained mutation: You regenerate a little health from kills.
                  | [demonic ancestry]
  1190 | D:2      | Reached XP level 3. HP: 24/29 MP: 3/3
  1978 | D:3      | Found a snail-covered altar of Cheibriados.
  2573 | D:3      | Found a sparkling altar of Nemelex Xobeh.
  2605 | D:3      | Found a radiant altar of Vehumet.
  2942 | D:4      | Slain by a wight

Illustrated notes

Levels and vault maps discovered:
D:1:      scummos_arrival_simple_fountains, layout_loops_ring,
          chequers_ecumenical_altar_simple
D:2:      layout_rooms
D:3:      layout_basic, cheibrodos_worm_habitat, amcnicky_altar_gilded,
          mainiacjoe_overflow_two_lobes, amcnicky_mini_corridor_feature,
          minmay_misc_feat_hallway
D:4:      layout_gridville, serial_shops, nicolae_diamond_shop, moated_statue,
          uniq_duvessa, uniq_pikel, uniq_robin

Skill      XL: |  1  2 |
---------------+-------+-----
Long Blades    | 2 |  2.4
Armour         | 3 |  3.2
Shields        | 3 |  3.2
Fighting       | |  3.5

Action                   || total
-------------------------++-------
Melee: Long sword        ||    86
       Short sword       ||    71
Armor: Scale mail        ||    59
Dodge: Dodged            ||    58
Block: Buckler           ||    28
       Kite shield       ||     2

Table legend: (Time is in decaauts)
 A = Elapsed time spent in this place.
 B = Non-inter-level travel time spent in this place.
 C = Inter-level travel time spent in this place.
 D = Time resting spent in this place.
 E = Time spent auto-exploring this place.
 F = Levels seen in this place.
 G = Mean time per level.
                   A        B        C        D        E       F      G
               +--------+--------+--------+--------+--------+-----+--------+
         Total |   2985 |   2889 |     96 |      0 |   2413 |   4 |  746.2 |
       Dungeon |   2985 |   2889 |     96 |      0 |   2413 |   4 |  746.2 |
               +--------+--------+--------+--------+--------+-----+--------+

Top non-repeatable levels by time:
     D:2: 974 daAuts
     D:3: 904 daAuts
     D:1: 885 daAuts
     D:4: 220 daAuts
